AoeStats
← GalacticDictator

Arena

504386176Analyzed
2v2 RM · 29d ago on Sep 5, 2026· 75m 29s· 4 players
Game mode
Random Map
Map size
Medium (4 player)
Population
200
Speed
Normal
Resources
Standard
Victory
Conquest
Starting age
Dark Age
Ending age
Imperial Age
RankedLock teamsTeams togetherTeam positionsShared explorationLock speedFull tech treeHidden civsTurbo modeCheats
Victory
Defeat
🇺🇸 Slavs · United States
1043
+17
🇦🇺 Bulgarians · Australia
1030
+17
🇺🇸 Cumans · United States
1119
-19
🇺🇸 Bulgarians · United States
1001
-15
joseph
15:07 Feudal Age
15:53 Double-Bit Axe
17:16 Horse Collar
17:47 Scale Mail Armor
17:58 Forging
19:14 Fletching
21:24 Padded Archer Armor
24:25 Wheelbarrow
24:39 Arson
28:54 Castle Age
27:13 Gold Mining
28:49 Loom
28:53 Town Watch
29:34 Pikeman
30:15 Squires
30:01 Gambesons
31:22 Hand Cart
31:31 Chain Mail Armor
31:52 Iron Casting
31:13 Bodkin Arrow
31:33 Leather Archer Armor
32:48 Murder Holes
35:35 Heavy Plow
35:47 Bow Saw
43:22 Imperial Age
47:05 Crop Rotation
47:41 Blast Furnace
50:20 Halberdier
59:05 Plate Mail Armor
58:48 Onager
61:35 Chemistry
61:00 Ballistics
61:24 Thumb Ring
62:07 Siege Engineers
63:06 Town Patrol
64:22 Elite Skirmisher
65:10 Onager
66:19 Bracer
66:41 Masonry
67:48 Gold Shaft Mining
68:08 Bagains
68:29 Conscription
70:41 Caravan
72:37 Redemption
Mr Phobos 141
12:17 Feudal Age
13:49 Horse Collar
16:14 Castle Age
15:53 Double-Bit Axe
18:57 Bow Saw
22:16 Heavy Plow
22:55 Wheelbarrow
22:30 Pikeman
23:10 Squires
24:40 Scale Mail Armor
25:15 Forging
26:19 Loom
26:49 Hand Cart
26:20 Town Watch
27:08 Squires
33:23 Iron Casting
33:03 Chain Mail Armor
34:11 Gold Mining
45:35 Imperial Age
43:08 Town Patrol
45:38 Capped Ram
45:41 Halberdier
47:44 Blast Furnace
47:14 Plate Mail Armor
46:50 Siege Ram
47:33 Light Cavalry
48:23 Bloodlines
48:16 Husbandry
52:19 Two-Man Saw
51:52 Crop Rotation
51:45 Druzhina
52:06 Conscription
51:40 Man-at-Arms
52:25 Long Swordsman
53:10 Two-Handed Swordsman
54:07 Champion
57:44 Detinets
58:57 Gold Shaft Mining
58:13 Stone Mining
58:15 Hussar
69:29 Murder Holes
69:55 Ballistics
70:36 Chemistry
69:30 Fletching
71:10 Bodkin Arrow
NinjaEskimo012
8:25 Feudal Age
9:12 Double-Bit Axe
9:39 Loom
10:15 Horse Collar
17:55 Wheelbarrow
22:31 Castle Age
21:02 Forging
20:58 Scale Barding Armor
20:54 Scale Mail Armor
21:31 Gold Mining
21:59 Bloodlines
23:01 Light Cavalry
24:18 Iron Casting
24:00 Hand Cart
23:30 Town Watch
23:47 Heavy Plow
23:58 Bow Saw
24:59 Chain Barding Armor
24:54 Chain Mail Armor
29:24 Gold Shaft Mining
28:39 Stone Mining
34:58 Capped Ram
39:33 Steppe Husbandry
44:10 Imperial Age
43:55 Man-at-Arms
44:35 Squires
44:21 Arson
44:37 Hussar
46:00 Plate Barding Armor
46:34 Blast Furnace
47:13 Crop Rotation
46:19 Long Swordsman
47:06 Two-Handed Swordsman
48:09 Champion
53:21 Conscription
53:38 Hoardings
56:50 Plate Mail Armor
60:37 Ballistics
60:27 Masonry
60:14 Murder Holes
61:19 Chemistry
61:00 Fletching
61:49 Bodkin Arrow
64:08 Pikeman
65:36 Halberdier
GalacticDictator
12:46 Feudal Age
11:02 Loom
15:02 Double-Bit Axe
15:00 Horse Collar
15:26 Gold Mining
18:01 Town Watch
20:21 Castle Age
18:07 Town Watch
22:05 Scale Barding Armor
22:12 Forging
21:53 Fletching
22:35 Town Patrol
23:44 Bodkin Arrow
24:10 Chain Barding Armor
25:29 Iron Casting
24:55 Scale Mail Armor
28:28 Heavy Plow
28:41 Bow Saw
28:33 Stone Mining
31:31 Pikeman
32:12 Squires
37:38 Chain Mail Armor
37:14 Arson
38:17 Gold Shaft Mining
39:16 Wheelbarrow
40:44 Ballistics
40:36 Masonry
44:56 Gambesons
48:27 Murder Holes
53:52 Light Cavalry
54:34 Husbandry
59:56 Hand Cart
67:30 Imperial Age
70:25 Bracer
70:56 Plate Mail Armor
71:04 Plate Barding Armor
71:30 Blast Furnace
72:32 Conscription
75:17 Bloodlines
Connection lost

Rejoining the realm…

Still unreachable

The connection could not be restored.

Session expired

The server has moved on; the page needs a fresh start.